 Dungeon Crawl Stone Soup version 0.31-a0-271-gb88eb75e06 (webtiles) character file.

Game seed: 11161614014772450461

119 worthlessgem the Insei (level 5, 0/38 HPs)
             Began as a Djinni Shapeshifter on July 14, 2023.
             Slain by a gnoll
             ... wielding a +0 spear
              (6 damage)
             ... on level 3 of the Dungeon.
             The game lasted 00:06:51 (2081 turns).

worthlessgem the Insei (Djinni Shapeshifter)        Turns: 2081, Time: 00:06:52

Health: 0/38       AC:  2    Str: 14    XL:     5   Next: 24%
Gold:   104        EV: 12    Int: 11    God:
                   SH:  0    Dex: 14

rFire   + +          .
                       - Unarmed
rCold   x . .        (no shield)
rNeg    . . .        a - +0 animal skin
rPois   ∞            (helmet currently unavailable)
rElec   .            (cloak currently unavailable)
rCorr   .            (gloves currently unavailable)
SInv    .            (boots unavailable)
Will    .....        (no amulet)
Stlth   +            (no ring)
HPRegen 0.26/turn    (no ring)
MPRegen 0.00/turn

%: infuse magic (-1 HP)
@: beast-form, flying
A: beast (slay +2), flying, sickness immunity, fire resistance 2, cold
vulnerability 1, float, innate caster, HP casting, extra vitality 1
a: Begin Untransformation


You were on level 3 of the Dungeon.
You were a hulking beast.
You visited 1 branch of the dungeon, and saw 3 of its levels.

You collected 104 gold pieces.

Inventory:

Missiles
 b - 3 poisoned darts
 e - 5 javelins
 g - 16 stones
Armour
 a - a +0 animal skin (worn)
Jewellery
 j - a ring of see invisible
Talismans
 c - a beast talisman
Scrolls
 i - a scroll of fog {unknown}
 k - 3 scrolls of immolation
Potions
 d - a potion of degeneration {unknown}
 f - a potion of magic {unknown}
 h - a potion of curing {unknown}


   Skills:
 - Level 2.0 Fighting
 - Level 2.1 Dodging
 + Level 3.8 Unarmed Combat
 + Level 3.6 Shapeshifting


You knew the following spells:

 Your Spells              Type           Power      Damage    Failure   Level
a - Magic Dart            Conj           0%         1d3       34%         1
b - Passwall              Tmut/Erth      0%         N/A       47%         2
Your spell library was empty.

Dungeon Overview and Level Annotations

Branches:
Dungeon (3/15)

Altars:

Shops:
D:1 *


Innate Abilities, Weirdness & Mutations

You are a hulking beast.
Your limbs bulge with bestial killing power. (Slay +2)
You are flying.
You are immune to sickness and miasma.
You are immune to poison.
Your flesh is very heat resistant. (rF++)
You are vulnerable to cold. (rC-)
You float through the air rather than walking.
You learn spells naturally, not from books.
Your magical power is your life essence.
You have superior vitality. (+4 MHP)


Message History

You kill the endoplasm!
No target in view!
No target in view!
No target in view!
You see here a +0 whip.
Found a whip.
The gnoll shouts! x3
There are monsters nearby!
The gnoll shouts!
There is a stone staircase leading up here.
Okay, then.
As you read the scroll labelled ZOOWNO OTHUDE, it crumbles to dust.
The creatures around you are filled with an inner flame!
It was a scroll of immolation.
Casting: Magic Dart (safe; 34% risk of failure)
Confirm with . or Enter, or press ? or * to list all spells.
Aiming: Magic Dart (safe; 34% risk of failure)
Press: ? - help, Shift-Dir - straight line, f - gnoll
Aim: a gnoll, wielding a +1 halberd of protection (inner flame, 100% to hit)
The magic dart hits the gnoll but does no damage.
Casting: Magic Dart (safe; 34% risk of failure)
Confirm with . or Enter, or press ? or * to list all spells.
Aiming: Magic Dart (safe; 34% risk of failure)
Press: ? - help, Shift-Dir - straight line, f/p - gnoll
Aim: a gnoll, wielding a +1 halberd of protection (inner flame, 100% to hit)
The magic dart hits the gnoll but does no damage.
The gnoll closely misses you.
Casting: Magic Dart (safe; 34% risk of failure)
Confirm with . or Enter, or press ? or * to list all spells.
Aiming: Magic Dart (safe; 34% risk of failure)
Press: ? - help, Shift-Dir - straight line, f/p - gnoll
Aim: a gnoll, wielding a +1 halberd of protection (inner flame, 100% to hit)
The magic dart hits the gnoll but does no damage.
The gnoll hits you from afar with a +1 halberd of protection!
The gnoll hits you from afar with a +0 spear.
Unknown command.
The gnoll hits you from afar with a +1 halberd of protection!
* * * LOW HITPOINT WARNING * * *
The gnoll hits you from afar with a +0 spear.
You die...

g#.# #............
g#.# #.......##
.#.# ##)###.## ...#
#)###.### ...#
#.#.....##
...######[#...g..##
..............ggg.#
...######.#......##
...# #.#.....h#
..## #.###.##.# ..#
#.###.##.#
......##.#####
#.........†..# ###
######...###.# ..#
#.### ###.####
#.#####.#
.....).###
#.......#


You could see 4 gnolls.

Vanquished Creatures
  A hound (D:2)
  Robin (D:1)
  An adder (D:3)
  2 dart slugs (D:2)
  5 endoplasms
  2 giant cockroaches
  12 goblins
  7 hobgoblins
  3 jackals (D:2)
  5 quokkas
  3 ball pythons (D:1)
  7 bats
  2 frilled lizards
  4 kobolds
  A rat (D:2)
56 creatures vanquished.

Notes
Turn   | Place    | Note
-------+----------+-------------------------------------------
     0 | D:1      | worthlessgem the Djinni Shapeshifter began the quest for
                  | the Orb.
     0 | D:1      | Reached XP level 1. HP: 18/18 MP: 0/0
   211 | D:1      | Reached XP level 2. HP: 22/23 MP: 0/0
   292 | D:1      | Found Qoesia Nico's Assorted Antiques.
   500 | D:1      | Found a faded altar of an unknown god.
   551 | D:1      | Reached XP level 3. HP: 26/28 MP: 0/0
   551 | D:1      | Learned a level 1 spell: Magic Dart
  1296 | D:2      | Noticed Robin
  1468 | D:2      | Reached XP level 4. HP: 33/33 MP: 0/0
  1731 | D:1      | Killed Robin
  1928 | D:2      | Reached XP level 5. HP: 37/38 MP: 0/0
  1928 | D:2      | Learned a level 2 spell: Passwall
  2081 | D:3      | Slain by a gnoll

Illustrated notes

Levels and vault maps discovered:
D:1:      minmay_arrival_glassed_features, layout_basic, serial_shops,
          nicolae_shop_window_shopping, dreamdust_ecumenical_altar_statues,
          minmay_misc_feat_square
D:2:      layout_rooms, chequers_avenue, uniq_robin
D:3:      layout_loops_ring, mainiacjoe_overflow_boulevard,
          nicolae_wu_jian_glorious_leap, nicolae_ru_the_path_less_chosen

Skill      XL: |  1  2  3 |
---------------+----------+-----
Shapeshifting  | 3 |  3.6
Unarmed Combat | 3 |  3.8
Fighting       | |  2.0
Dodging        | |  2.1

Action                     |  1- 3 |  4- 6 || total
---------------------------+-------+-------++-------
  Melee: Unarmed           |   127 |    51 ||   178
         Punch             |       |     3 ||     3
  Throw: Javelin           |     2 |       ||     2
   Cast: Magic Dart        |     1 |     3 ||     4
    Use: Scroll            |     1 |     1 ||     2
         Potion            |       |     1 ||     1
   Stab: Sleeping          |     3 |     1 ||     4
 Armour: Animal skin       |    26 |    11 ||    37
         Skin              |       |     5 ||     5
  Dodge: Dodged            |    81 |    32 ||   113

Table legend: (Time is in decaauts)
 A = Elapsed time spent in this place.
 B = Non-inter-level travel time spent in this place.
 C = Inter-level travel time spent in this place.
 D = Time resting spent in this place.
 E = Time spent auto-exploring this place.
 F = Levels seen in this place.
 G = Mean time per level.
                   A        B        C        D        E       F      G
               +--------+--------+--------+--------+--------+-----+--------+
         Total |   2074 |   1963 |    111 |    119 |   1257 |   3 |  691.3 |
       Dungeon |   2074 |   1963 |    111 |    119 |   1257 |   3 |  691.3 |
               +--------+--------+--------+--------+--------+-----+--------+

Top non-repeatable levels by time:
     D:1: 1259 daAuts
     D:2: 662 daAuts
     D:3: 152 daAuts
